AoeStats
← Joe Rogaine 4

Black Forest

510040233Analyzed
2v2 RM · 2d ago on Sep 29, 2026· 54m 37s· 4 players
Game mode
Random Map
Map size
Medium (4 player)
Population
200
Speed
Normal
Resources
Standard
Victory
Conquest
Starting age
Dark Age
Ending age
Imperial Age
RankedLock teamsTeams togetherTeam positionsShared explorationLock speedFull tech treeHidden civsTurbo modeCheats
Victory
Defeat
🇺🇸 Celts · United States
674
+16
🇺🇸 Celts · United States
661
+17
🇺🇸 Bohemians · United States
694
-32
🇺🇸 Spanish · United States
675
-26
JP Captain
0:28 Loom
14:58 Feudal Age
19:45 Castle Age
19:10 Double-Bit Axe
20:33 Gold Mining
26:22 Wheelbarrow
27:40 Horse Collar
29:15 Bow Saw
29:08 Heavy Plow
35:24 Imperial Age
34:21 Scale Mail Armor
34:28 Pikeman
35:27 Chain Mail Armor
35:23 Forging
36:04 Hand Cart
37:09 Conscription
36:56 Onager
38:03 Heavy Scorpion
38:07 Halberdier
40:38 Furor Celtica
42:15 Chemistry
41:36 Ballistics
43:28 Siege Engineers
44:27 Elite Woad Raider
SafariMan252
1:12 Loom
14:37 Feudal Age
19:28 Castle Age
17:52 Double-Bit Axe
17:50 Horse Collar
18:40 Stone Mining
18:57 Gold Mining
32:07 Caravan
34:05 Bow Saw
33:58 Heavy Plow
34:26 Ballistics
36:49 Imperial Age
36:50 Forging
36:40 Scale Mail Armor
36:45 Murder Holes
37:45 Furor Celtica
38:40 Chemistry
37:53 Siege Engineers
39:39 Wheelbarrow
39:25 Pikeman
39:26 Man-at-Arms
39:52 Gambesons
39:52 Arson
41:01 Iron Casting
40:42 Chain Mail Armor
40:42 Fortified Wall
40:45 Heavy Scorpion
42:06 Conscription
42:51 Blast Furnace
42:54 Halberdier
43:41 Elite Woad Raider
WaffleBandito
7:31 Loom
11:20 Feudal Age
13:19 Wheelbarrow
16:41 Man-at-Arms
21:30 Castle Age
21:04 Fletching
21:25 Forging
23:10 Hand Cart
25:39 Caravan
25:20 Crossbowman
25:25 Long Swordsman
27:29 Bodkin Arrow
27:38 Scale Mail Armor
32:24 Padded Archer Armor
32:31 Double-Bit Axe
35:58 Chemistry
35:20 Ballistics
39:55 Imperial Age
40:32 Houfnice
45:13 Onager
48:21 Bracer
48:36 Leather Archer Armor
48:10 Elite Hussite Wagon
Joe Rogaine 4
7:26 Loom
10:14 Feudal Age
23:28 Castle Age
22:27 Fletching
22:38 Padded Archer Armor
26:10 Bodkin Arrow
37:05 Imperial Age
Connection lost

Rejoining the realm…

Still unreachable

The connection could not be restored.

Session expired

The server has moved on; the page needs a fresh start.